 Dungeon Crawl Stone Soup version bcrawl-1.21.3-2-g9d8a61a446 (webtiles) character file.

Game seed: 14298609558326668021

46340 funkygono the Blocker (level 14, -1/113 HPs)
             Began as a Formicid Fighter on Apr 16, 2020.
             Was the Champion of Okawaru.
             Slain by a spriggan rider
             ... wielding the +4 trident of Dullness {protect, Str+3}
              (23 damage)
             ... on level 4 of the Lair of Beasts on Apr 17, 2020.
             The game lasted 00:53:47 (19866 turns).

funkygono the Blocker (Formicid Fighter)           Turns: 19866, Time: 00:53:47

Health: -1/113     AC: 18    Str: 28    XL:     14   Next: 75%
Magic:  21/25      EV: 12    Int: 20    God:    Okawaru [******]
Gold:   1178       SH: 16    Dex: 13    Spells: 18/28 levels left

rFire    . . .     SeeInvis +   K - +10 quarterstaff "Beast's Funeral" {speed, Dex+3}
rCold    . . .     Gourm    .   c - +1 medium shield
rNeg     . . .     Faith    +   P - +0 chain mail of the Little Devil {Int+4 Slay+2}
rPois    +         Spirit   .   (helmet unavailable)
rElec    .         Reflect  .   g - +1 cloak
rCorr    .         Harm     .   (no gloves)
MR       +....                  L - +0 pair of boots
Stlth    +.........             l - amulet of faith
HPRegen  0.28/turn              v - ring "Rinen" {*Drain rPois Int+5}
MPRegen  0.19/turn              n - +5 ring of slaying

@: mighty, heroism, very slightly contaminated, invisible
A: permanent stasis, dig shafts and tunnels, four strong arms, antennae 3, no
potion heal 1
a: Dig, Shaft Self, Heroism, Finesse, Renounce Religion


You were on level 4 of the Lair of Beasts.
You worshipped Okawaru.
Okawaru was exalted by your worship.
You were not hungry.

You visited 3 branches of the dungeon, and saw 16 of its levels.
You also visited: Sewer.

You collected 1178 gold pieces.

Inventory:

Hand Weapons
 a - the +8 giant club of Generosity {flame, rN++ Str-5}
   (Okawaru gifted it to you on level 2 of the Lair of Beasts)

   It has been specially enchanted to burn those struck by it, causing extra
   injury to most foes and up to half again as much damage against particularly
   susceptible opponents.
   It affects your strength (-5).
   It greatly protects you from negative energy.
 b - the +9 hunting sling "Jellybane" {freeze, Str+2 Int+4 Stlth+}
   (You found it on level 1 of the Lair of Beasts)

   It causes projectiles fired from it to freeze those they strike, causing
   extra injury to most foes and up to half again as much damage against
   particularly susceptible opponents.
   They can also slow down cold-blooded creatures.
   It affects your strength (+2).
   It affects your intelligence (+4).
   It makes you more stealthy.
 G - the +5 quarterstaff "Miojurau" {crush, Int+2}
   (Okawaru gifted it to you on level 4 of the Lair of Beasts)

   It inflicts extra damage upon your enemies.
   It affects your intelligence (+2).
 H - a +8 quarterstaff of protection
 K - the +10 quarterstaff "Beast's Funeral" (weapon) {speed, Dex+3}
   (You found it on level 10 of the Dungeon)

   Attacks with this weapon are significantly faster.
   It affects your dexterity (+3).
 M - the +12 great mace of Theory {drain, *Contam +Inv rElec MR+}
   (Okawaru gifted it to you on level 11 of the Dungeon)

   A truly terrible weapon, it drains the life of those it strikes.
   It insulates you from electricity.
   It affects your resistance to hostile enchantments.
   It lets you turn invisible.
   It causes magical contamination when unequipped.
Missiles
 j - 1447 sling bullets
 k - 2454 stones (quivered)
Armour
 c - a +1 medium shield (worn)
 g - a +1 cloak (worn)
 L - a +0 pair of boots (worn)
 P - the +0 chain mail of the Little Devil (worn) {Int+4 Slay+2}
   (Okawaru gifted it to you on level 11 of the Dungeon)

   It affects your intelligence (+4).
   It affects your accuracy and damage with ranged weapons and melee attacks
   (+2).
Jewellery
 l - an amulet of faith (around neck)
 n - a +5 ring of slaying (right hand)
 o - an uncursed ring of fire
 v - the ring "Rinen" (left hand) {*Drain rPois Int+5}
   (You found it on level 5 of the Dungeon)

   [ring of poison resistance]

   It affects your intelligence (+5).
   It protects you from poison.
   It causes draining when unequipped.
 J - an uncursed ring of fire
Wands
 s - a wand of polymorph (6)
 y - a wand of iceblast (8)
 C - a wand of acid (10)
 F - a wand of enslavement (21)
Scrolls
 i - 4 scrolls of remove curse
 p - 6 scrolls of immolation
 w - 4 scrolls of identify
 E - a scroll of enchant armour
 I - a scroll of magic mapping
Potions
 f - 6 potions of agility
 h - 8 potions of curing
 m - 7 potions of flight
 q - 4 potions of heal wounds
 r - 4 potions of brilliance
 u - a potion of mutation
 x - a potion of magic
 z - a potion of lignification
 B - a potion of cancellation
 D - 3 potions of invisibility
Miscellaneous
 t - a lamp of fire
Comestibles
 e - 44 rations {!d}
 A - 6 chunks of flesh


   Skills:
 + Level 11.2(16.2) Fighting
 + Level 6.4(14.5) Maces & Flails
 + Level 10.8(16.5) Staves
 + Level 10.7(15.7) Armour
 + Level 5.4(10.4) Stealth
 + Level 11.6(16.6) Shields
 + Level 7.7 Spellcasting
 + Level 6.2 Conjurations
 + Level 6.4 Hexes
 + Level 5.6 Fire Magic
 + Level 2.6 Invocations


You had 18 spell levels left.
You knew the following spells:

 Your Spells              Type           Power        Failure   Level  Hunger
a - Magic Dart            Conj           ####         2%          1    None
b - Dazzling Spray        Conj/Hex       ####..       6%          3    None
c - Flame Tongue          Conj/Fire      ####.        2%          1    None
d - Fireball              Conj/Fire      ####......   56%         5    #####..

Your spell library contained the following spells:

 Spells                   Type           Power        Failure   Level  Hunger
 Confuse                  Hex            ####....     6%          3    None
 Conjure Flame            Conj/Fire      ####....     8%          3    None
 Inner Flame              Hex/Fire       N/A          8%          3    None
 Flaming Arrows           Chrm/Fire      ###.....     14%         2    None
 Sticky Flame             Conj/Fire      ####....     26%         4    ###....
 Mephitic Cloud           Conj/Pois/Air  ###.....     36%         3    None
 Call Imp                 Summ           #.....       41%         2    None
 Yara's Violent Unravell  Hex/Tmut       ###.......   61%         4    ###....
 Spider Form              Tmut/Pois      #..          65%         3    None
 Metabolic Englaciation   Hex/Ice        ###.......   91%         5    #####..
 Petrify                  Tmut/Erth      #.......     96%         4    ###....
 Infestation              Hex/Tmut/Pois  ###......    100%        6    ######.
 Mana Rupture             Conj/Hex       ####......   100%        7    #######
 Time Stop                Chrm/Tloc      N/A          100%        8    #######
 Blink                    Tloc           Unusable     N/A         2    N/A

Dungeon Overview and Level Annotations

Branches:
Dungeon (11/12)            Temple (1/1) D:4            Lair (4/6) D:9
 Shoals (0/3) Lair:2       Spider (0/3) Lair:2          Orc (0/1) D:11
 Vaults: D:11-12

Altars:
Ashenzari
Cheibriados
Dithmenos
Elyvilon
Fedhas
Gozag
Hepliaklqana
Kikubaaqudgha
Lugonu
Makhleb
Nemelex Xobeh
Okawaru
Qazlal
Ru
Sif Muna
Trog
Uskayaw
Vehumet
Wu Jian
Xom
Yredelemnul
Zin
The Shining One

Shops:
D:9 ?

Portals:
Trove: D:11 (give 17 potions of curing)


Innate Abilities, Weirdness & Mutations

You cannot be hasted, slowed, berserked, paralysed or teleported.
You can dig through walls and to a lower floor.
Your four strong arms can wield two-handed weapons with a shield.
You have a pair of large antennae on your head. (SInv)
Potions are less effective at restoring your health.


Message History

* * * LOW HITPOINT WARNING * * *
Items here: ! ) ††† a +0 spear; a potion of lignification; a wolf corpse; a spriggan corpse a black mamba corpse You bludgeon the spriggan!!
The spriggan is almost dead.
The spriggan rider hits you from afar with the +4 trident of Dullness {protect, Str+3}.
* * * LOW HITPOINT WARNING * * *
You crush the spriggan like a grape!!!
You kill the spriggan!
Okawaru accepts your kill. The spriggan rider barely misses you.
You block the spriggan rider's attack.
Items here: ! $ ) † a +0 trident; a potion of cancellation; 16 gold pieces; a spriggan corpse You hit the spriggan rider.
The spriggan rider is lightly wounded.
You sock the spriggan rider!
The spriggan rider is heavily wounded.
The spriggan rider hits you with the +4 trident of Dullness {protect, Str+3}!!
You die...

♣..{♣...♣♣...................
♣..♣....♣...................
♣.♣##'##♣{♣...................
.♣♣#8...8#♣♣...................
................# ...#........
................# #####.......
.....#.+####.....#####P#.P.......
....### #...i.)[).........##.#
.....# #....@P#....##....####
..... #...........###..#####
....# . #.......#...###.....#..
....# #.###.....###..####...##.÷
....####(###.....P.P.#......##..#
....##.#..##................##..#
............................#.#..
.................................
.................................


You could see a spriggan rider (blind).

Vanquished Creatures
  Gastronok (Lair:2)
  The ghost of Lazarus1551 the Thaumaturge, a journeyman DrAE of Sif Muna (Lair:4)
  The ghost of dscm the Covert, a journeyman OpAc of Uskayaw (Lair:3)
  Josephine (Lair:4)
  A catoblepas (D:11)
  3 hydras
  Erica (D:8)
  A centaur warrior (D:10)
  3 two-headed ogres
  The ghost of dscm the Geomancer, a novice OpAc of Gozag (Lair:1)
  A deep elf knight (D:9)
  2 spriggans (Lair:4)
  The ghost of Lazarus1551 the Ruffian, a novice DrTm of Wu Jian (D:7)
  A deep elf archer (D:10)
  An unseen horror (D:9)
  Pikel (D:8)
  3 cyclopes (D:11)
  2 ugly things
  A manticore (D:10)
  Maurice (D:10)
  5 elephants (Lair:4)
  4 black mambas (Lair:4)
  3 centaur zombies
  6 cane toads
  A rime drake (Lair:4)
  3 komodo dragons
  A troll (D:7)
  A tengu conjurer (D:8)
  A hornet (Lair:4)
  5 hippogriffs
  4 blink frogs (Lair:4)
  A shadow (D:11)
  4 wraiths (Lair:4)
  3 wyverns
  47 yaks
  A hungry ghost (D:11)
  3 basilisks
  10 crocodiles
  8 water moccasins
  9 porcupines
  6 phantoms
  3 black bears
  2 ice beasts
  5 sky beasts
  6 orc warriors
  An eye of draining (D:11)
  A slave (D:8)
  6 ogres
  A necrophage (D:9)
  5 wolves
  4 centaurs
  11 bullfrogs
  2 big kobolds
  A gnoll sergeant (D:9)
  7 scorpions
  14 killer bees
  2 electric eels (Lair:2)
  10 wights
  2 howler monkeys (D:9)
  6 crimson imps
  3 jellies
  A quasit (D:6)
  3 orc priests
  8 hounds
  A bullfrog skeleton (D:4)
  2 centaur skeletons
  4 iguanas
  7 orc wizards
  3 worker ants
  A hell rat (Lair:4)
  4 hound skeletons
  4 worker ant zombies
  13 adders
  6 gnolls
  12 river rats
  2 oozes
  An adder skeleton (D:8)
  An adder zombie (D:8)
  3 dart slugs
  2 leopard geckos (D:1)
  40 orcs
  A ball python (D:1)
  4 giant cockroaches (D:5)
  2 goblins
  12 hobgoblins
  16 jackals
  11 quokkas
  3 bats
  4 frilled lizards
  12 kobolds
  26 rats
455 creatures vanquished.

Vanquished Creatures (others)
  A centaur zombie (D:8)
  2 slaves (D:8)
  3 bushes (D:9)
  12 fungi
  25 plants
43 creatures vanquished.

Grand Total: 498 creatures vanquished

Notes
Turn   | Place    | Note
-------+----------+-------------------------------------------
     0 | D:1      | funkygono the Formicid Fighter began the quest for the Orb.
     0 | D:1      | Reached XP level 1. HP: 18/18 MP: 1/1
    82 | D:1      | Reached XP level 2. HP: 24/24 MP: 2/2
   436 | D:1      | Reached XP level 3. HP: 30/30 MP: 3/3
  1097 | D:2      | Reached XP level 4. HP: 37/37 MP: 4/4
  1795 | D:3      | Reached XP level 5. HP: 43/43 MP: 5/5
  1964 | D:3      | Found a bloodstained altar of Trog.
  1990 | D:3      | Noticed a phantom
  2066 | D:3      | Killed a phantom
  2066 | D:3      | Reached skill level 5 in Shields
  2066 | D:3      | Reached XP level 6. HP: 16/50 MP: 6/6
  2321 | D:3      | Reached skill level 5 in Armour
  2533 | D:3      | Learned a level 3 spell: Dazzling Spray
  2564 | D:4      | Reached skill level 5 in Fighting
  2702 | D:4      | Noticed an ogre
  2710 | D:4      | HP: 2/51 [ogre/+0 giant club (20)]
  2711 | D:4      | Killed an ogre
  2711 | D:4      | Reached skill level 1 in Stealth
  2711 | D:4      | Reached XP level 7. HP: 3/56 MP: 7/7
  3110 | D:4      | Found a staircase to the Ecumenical Temple.
  3117 | Temple   | Entered the Ecumenical Temple
  3344 | Temple   | Became a worshipper of Warmaster Okawaru
  3643 | D:4      | Found a hide-covered altar of Uskayaw.
  3809 | D:5      | Entered Level 5 of the Dungeon
  4117 | D:5      | Found a glowing drain.
  4145 | D:5      | Reached XP level 8. HP: 60/64 MP: 8/8
  4177 | Sewer    | Entered a sewer
  4188 | Sewer    | Reached * piety under Okawaru
  4325 | Sewer    | Found a white marble altar of Elyvilon.
  4660 | D:5      | Found an opulent altar of Gozag.
  4999 | D:5      | Reached ** piety under Okawaru
  5282 | D:5      | Got a scorched brass ring
  5284 | D:5      | Identified the ring "Rinen" {*Drain rPois Int+5} (You found
                  | it on level 5 of the Dungeon)
  5369 | D:6      | Reached XP level 9. HP: 52/71 MP: 9/9
  5935 | D:6      | Reached skill level 1 in Spellcasting
  6137 | D:6      | Reached skill level 1 in Hexes
  6522 | D:7      | Found a runed translucent door.
  6522 | D:7      | Noticed Lazarus1551's ghost (novice DrTm)
  6524 | D:7      | Reached skill level 1 in Conjurations
  6557 | D:7      | Killed Lazarus1551's ghost
  6557 | D:7      | Reached *** piety under Okawaru
  6848 | D:7      | Noticed a troll
  6867 | D:7      | Killed a troll
  6867 | D:7      | Reached XP level 10. HP: 58/80 MP: 12/14
  7074 | D:7      | Noticed a purple ugly thing
  7094 | D:7      | Killed a purple ugly thing
  7094 | D:7      | Reached **** piety under Okawaru
  7491 | D:7      | Found a sacrificial altar of Ru.
  8053 | D:8      | Reached ***** piety under Okawaru
  8394 | D:8      | Noticed Erica
  8407 | D:8      | Killed Erica
  8407 | D:8      | Reached skill level 5 in Staves
  8525 | D:8      | Reached XP level 11. HP: 85/87 MP: 17/17
  8575 | D:8      | Noticed Pikel
  8607 | D:8      | Killed Pikel
  8607 | D:8      | Received a gift from Okawaru
  8608 | D:8      | Found the +14 obsidian axe {chop, +Fly SInv *Curse}
  9088 | D:8      | Found a blossoming altar of Fedhas.
  9094 | D:8      | Found a radiant altar of Vehumet.
  9095 | D:8      | Found a stormy altar of Qazlal.
  9417 | D:8      | HP: 3/89 [yak (8)]
 10284 | D:9      | Noticed a deep elf knight
 10300 | D:9      | Killed a deep elf knight
 10300 | D:9      | Reached skill level 10 in Shields
 10310 | D:9      | Reached skill level 5 in Hexes
 10514 | D:9      | Reached ****** piety under Okawaru
 10515 | D:9      | Reached skill level 5 in Spellcasting
 10529 | D:9      | Learned a level 1 spell: Magic Dart
 10589 | D:9      | Found a staircase to the Lair.
 10745 | D:9      | Noticed a two-headed ogre
 10757 | D:9      | Killed a two-headed ogre
 11010 | D:9      | Noticed an unseen horror
 11020 | D:9      | Killed an unseen horror
 11020 | D:9      | Received a gift from Okawaru
 11020 | D:9      | Reached XP level 12. HP: 89/96 MP: 14/20
 11324 | D:9      | Found a sparkling altar of Nemelex Xobeh.
 11484 | D:9      | Found Qyib's Magic Scroll Shoppe.
 11586 | D:9      | Found a white marble altar of Elyvilon.
 12269 | D:10     | Entered Level 10 of the Dungeon
 12618 | D:10     | Learned a level 1 spell: Flame Tongue
 12716 | D:10     | Reached skill level 10 in Fighting
 12731 | D:10     | Reached skill level 1 in Fire Magic
 12853 | D:10     | Received a gift from Okawaru
 13022 | D:10     | Noticed Maurice
 13288 | D:10     | Got a fine quarterstaff
 13289 | D:10     | Identified the +10 quarterstaff "Beast's Funeral" {speed,
                  | Dex+3} (You found it on level 10 of the Dungeon)
 13305 | D:10     | Noticed a centaur warrior
 13319 | D:10     | Killed a centaur warrior
 13419 | D:10     | Reached skill level 5 in Conjurations
 13520 | D:10     | Reached XP level 13. HP: 103/103 MP: 20/22
 13725 | D:10     | Killed Maurice
 13848 | D:10     | Learned a level 5 spell: Fireball
 14074 | D:11     | Received a gift from Okawaru
 14082 | D:11     | Got a brightly glowing great mace {god gift}
 14083 | D:11     | Identified the +12 great mace of Theory {drain, *Contam
                  | +Inv rElec MR+} (Okawaru gifted it to you on level 11 of
                  | the Dungeon)
 14319 | D:11     | Reached skill level 10 in Staves
 14571 | D:11     | Reached skill level 1 in Maces & Flails
 14573 | D:11     | Found a staircase to the Orcish Mines.
 14708 | D:11     | Found a portal to a secret trove of treasure.
 14729 | D:11     | Noticed a four-headed hydra
 14735 | D:11     | Killed a four-headed hydra
 14916 | D:11     | Noticed a catoblepas
 14922 | D:11     | Killed a catoblepas
 14922 | D:11     | Received a gift from Okawaru
 14945 | D:11     | Got a heavily runed chain mail {god gift}
 14956 | D:11     | Identified the +0 chain mail of the Little Devil {Int+4
                  | Slay+2} (Okawaru gifted it to you on level 11 of the
                  | Dungeon)
 15360 | Lair:1   | Entered Level 1 of the Lair of Beasts
 15678 | Lair:1   | Got a steaming hunting sling
 15695 | Lair:1   | Noticed a five-headed hydra
 15700 | Lair:1   | Killed a five-headed hydra
 15783 | Lair:1   | Noticed a six-headed hydra
 15791 | Lair:1   | Killed a six-headed hydra
 15791 | Lair:1   | Reached skill level 1 in Invocations
 16187 | Lair:1   | Found a large runed translucent door.
 16188 | Lair:1   | Found a large runed translucent door.
 16191 | Lair:1   | Noticed dscm's ghost (novice OpAc)
 16196 | Lair:1   | Killed dscm's ghost
 16460 | Lair:1   | Reached skill level 5 in Maces & Flails
 16775 | Lair:1   | Identified the +9 hunting sling "Jellybane" {freeze, Str+2
                  | Int+4 Stlth+} (You found it on level 1 of the Lair of
                  | Beasts)
 16799 | Lair:2   | Reached skill level 5 in Stealth
 16999 | Lair:2   | Noticed Gastronok
 17014 | Lair:2   | Killed Gastronok
 17014 | Lair:2   | Reached skill level 10 in Armour
 17014 | Lair:2   | Reached skill level 5 in Fire Magic
 17014 | Lair:2   | Reached XP level 14. HP: 79/113 MP: 15/24
 17372 | Lair:2   | Received a gift from Okawaru
 17375 | Lair:2   | Got an encrusted giant club {god gift}
 17387 | Lair:2   | Identified the +8 giant club of Generosity {flame, rN++
                  | Str-5} (Okawaru gifted it to you on level 2 of the Lair of
                  | Beasts)
 17545 | Lair:2   | Found a staircase to the Shoals.
 17619 | Lair:2   | Found a hole to the Spider Nest.
 17983 | Lair:3   | Gained mutation: Potions are less effective at restoring
                  | your health. [mutagenic glow]
 17997 | Lair:3   | Identified Sif Muna's Guide on Toxins and Displacement
 18246 | Lair:3   | Found a runed translucent door.
 18250 | Lair:3   | Noticed dscm's ghost (journeyman OpAc)
 18260 | Lair:3   | Killed dscm's ghost
 19252 | Lair:4   | Received a gift from Okawaru
 19257 | Lair:4   | Got an ancient quarterstaff {god gift}
 19258 | Lair:4   | Identified the +5 quarterstaff "Miojurau" {crush, Int+2}
                  | (Okawaru gifted it to you on level 4 of the Lair of Beasts)
 19720 | Lair:4   | Noticed Josephine
 19737 | Lair:4   | Killed Josephine
 19805 | Lair:4   | Found a runed translucent door.
 19810 | Lair:4   | Noticed Lazarus1551's ghost (journeyman DrAE)
 19812 | Lair:4   | Identified the +4 trident of Dullness {protect, Str+3}
 19854 | Lair:4   | Killed Lazarus1551's ghost
 19854 | Lair:4   | Received a gift from Okawaru
 19866 | Lair:4   | Slain by a spriggan rider

Skill      XL: |  1  2  3  4  5  6  7  8  9 10 11 12 13 14 |
---------------+-------------------------------------------+-----
Shields        | 4 5 6 8 9 10 11 | 11.6
Fighting       | 4 5 6 7 8 9 10 11 | 11.2
Armour         | 4 5 6 7 8 9 10 | 10.7
Stealth        | 1 2 3 4 5 |  5.4
Spellcasting   | 2 4 5 6 7 |  7.7
Hexes          | 2 4 5 6 |  6.4
Conjurations   | 2 3 4 5 6 |  6.2
Staves         | 5 8 9 10 | 10.8
Fire Magic     | 2 5 |  5.6
Maces & Flails | 5 6 |  6.4
Invocations    | 1 2 |  2.6

Action                   |  1- 3 |  4- 6 |  7- 9 | 10-12 | 13-15 || total
-------------------------+-------+-------+-------+-------+-------++-------
Melee: Quarterstaff      |    54 |   133 |   366 |   598 |   229 ||  1380
       Great mace        |       |       |       |       |   138 ||   138
 Cast: Dazzling Spray    |       |       |     1 |    70 |    36 ||   107
       Magic Dart        |       |       |       |    90 |    86 ||   176
       Flame Tongue      |       |       |       |     9 |    25 ||    34
Invok: Heroism           |       |       |     2 |     5 |    13 ||    20
       Finesse           |       |       |       |       |     5 ||     5
  Use: Scroll            |     4 |     5 |    11 |     4 |     9 ||    33
       Potion            |       |       |       |     8 |     3 ||    11
 Stab: Distracted        |       |       |     1 |       |       ||     1
       Invisible         |       |       |       |     7 |     7 ||    14
  Eat: Chunk             |       |     6 |     7 |    25 |    19 ||    57
       Ration            |       |       |     2 |     1 |     1 ||     4
Armor: Scale mail        |    33 |    73 |    98 |   150 |    27 ||   381
       Chain mail        |       |       |       |       |    74 ||    74
Dodge: Dodged            |    22 |    62 |   107 |   192 |    89 ||   472
Block: Medium shield     |    27 |    94 |   165 |   357 |   207 ||   850
